cohdb
Replays
Latest Replays
All Replays
Popular Replays
Top Player Replays
Match Explorer
How It Works
Community
CoH3 Stats
Reddit
Sign in to upload your games and track your stats! →
Sign in with Steam
Match 47311163
Unlisted
Match 47311163
Overview
Messages
Build Orders
End
Construct Weapon Support Center
Engineer Squad
M1919 Machine Gun Team
Bazooka Squad
Mechanized Support Center
Selects Heavy Weapons
Selects Assault Carriers
M3 Assault Carrier
M3 Assault Carrier
M3 Assault Carrier
Bazooka Squad
Improved M9 Bazooka Rockets
Selects Exchangeable Parts
Improvised Armor
M3 Assault Carrier
M3 Assault Carrier
M3 Assault Carrier
Salvage Crew
Engineer Squad
Designate Forward Repair Station
M3 Assault Carrier
M3 Assault Carrier
M3 Assault Carrier
M3 Assault Carrier
Mortar Pit
Mortar Pit
M3 Assault Carrier
Engineer Squad
Mortar Pit
AI Takeover
Comety42
ReverseAverage
Silianu
soiweg
东京七姐妹的Live看的很开心
Craigers
Clem
ionwood
0
0
Comments
sign in to comment!
No comments posted yet!